TOP OF THE 1ST |
Chicago Machine batting - Pitching for Madison Bombers : RHP Claudio Segura
|
Pitching: RHP Claudio Segura
|
|
Batting: RHB Roberto Cardona
|
0-0: Ball 1-0: Ball 2-0: Foul Ball, location: 2F 2-1: Foul Ball, location: 2F 2-2: Foul Ball, location: 2F 2-2: Ball 3-2: TRIPLE (Flyball, 89XD)
|
Batting: LHB Bob Smith
|
0-0: Ball 1-0: Ball 2-0: 2-RUN HOME RUN (Line Drive, 89XD), Distance : 381 ft
|
Batting: RHB Doug Stephens
|
0-0: Ball 1-0: Ball 2-0: Called Strike 2-1: Foul Ball, location: 2F 2-2: Ball 3-2: Base on Balls
|
Batting: SHB José Alomar
|
0-0: Foul Ball, location: 2F 0-1: Ball 1-1: Ball 2-1: Ball 3-1: Base on Balls Doug Stephens to second
|
Batting: RHB Edward Young
|
0-0: Ball 1-0: Called Strike 1-1: Ball 2-1: Foul Ball, location: 2F 2-2: 3-RUN HOME RUN (Flyball, 7D), Distance : 367 ft
|
Batting: SHB Jesús Ramírez
|
0-0: Called Strike 0-1: Ground out 5-3 (Groundball, 5S)
|
Batting: LHB Eric Wheeler
|
0-0: Ball 1-0: Ball 2-0: Foul Ball, location: 2F 2-1: Ground out 1-3 (Groundball, 13S)
|
Batting: SHB Joaquín López
|
0-0: Ground out 1-3 (Groundball, 15)
|
Top of the 1st over - 5 run(s), 3 hit(s), 0 error(s), 0 left on base; Chicago 5 - Madison 0 |
BOTTOM OF THE 1ST |
Madison Bombers batting - Pitching for Chicago Machine : LHP Dave Huot
|
Pitching: LHP Dave Huot
|
|
Batting: RHB Guo-xiu Choi
|
0-0: Ball 1-0: Called Strike 1-1: Ball 2-1: Swinging Strike 2-2: Strikes out looking
|
Batting: RHB Alonso Holguín
|
0-0: SINGLE (Flyball, 9S)
|
Batting: LHB Seung-chun Mun
|
0-0: Foul Ball, location: 2F 0-1: Ball 1-1: Foul Ball, location: 2F 1-2: Ball 2-2: Ball 3-2: Fly out, F7 (Line Drive, 8LXD)
|
Batting: RHB Cris Fuentes
|
0-0: Foul Ball, location: 2F 0-1: DOUBLE (Flyball, 78XD) Alonso Holguín to third
|
Batting: LHB Mike Callahan
|
0-0: Ball 1-0: Ball 2-0: Fly out, F9 (Popup, 4D)
|
Bottom of the 1st over - 0 run(s), 2 hit(s), 0 error(s), 2 left on base; Chicago 5 - Madison 0 |
TOP OF THE 2ND |
Chicago Machine batting - Pitching for Madison Bombers : RHP Claudio Segura
|
Batting: SHB Edward Bartlett
|
0-0: Ball 1-0: Ball 2-0: Ground out 6-3 (Groundball, 6)
|
Batting: RHB Roberto Cardona
|
0-0: Foul Ball, location: 2F 0-1: Ground out 6-3 (Groundball, 6)
|
Batting: LHB Bob Smith
|
0-0: Called Strike 0-1: Fly out, F5 (Popup, 25F)
|
Top of the 2nd over - 0 run(s), 0 hit(s), 0 error(s), 0 left on base; Chicago 5 - Madison 0 |
BOTTOM OF THE 2ND |
Madison Bombers batting - Pitching for Chicago Machine : LHP Dave Huot
|
Batting: LHB Sixto Cantú
|
0-0: Ball 1-0: Ball 2-0: SINGLE (Flyball, 7S)
|
Batting: SHB Jorge Flores
|
0-0: Called Strike 0-1: Called Strike 0-2: Ball 1-2: Foul Ball, location: 2F 1-2: SINGLE (Groundball, 3D) Sixto Cantú to second Runner from 2nd tries for 3rd, SAFE, throw made to third
|
Batting: SHB Dave MacThomas
|
0-0: Ball 1-0: Ball 2-0: Called Strike 2-1: Ball 3-1: Base on Balls Jorge Flores to second
|
Batting: SHB Ricardo Arévalo
|
0-0: Called Strike 0-1: Grounds into double play, 6-4-3 (Groundball, 6) Sixto Cantú scores Jorge Flores to third
|
Batting: RHB Guo-xiu Choi
|
0-0: DOUBLE (Flyball, 78XD) Jorge Flores scores
|
Batting: RHB Alonso Holguín
|
0-0: Called Strike 0-1: Ball 1-1: Foul Ball, location: 2F 1-2: Ball 2-2: SINGLE (Groundball, 34S) Guo-xiu Choi to third Throwing error, E9 Guo-xiu Choi scores Alonso Holguín to second
|
Batting: LHB Seung-chun Mun
|
0-0: Ball 1-0: Swinging Strike 1-1: Ball 2-1: Foul Ball, location: 2F 2-2: Fly out, F7 (Flyball, 7LMF)
|
Bottom of the 2nd over - 3 run(s), 4 hit(s), 1 error(s), 1 left on base; Chicago 5 - Madison 3 |
TOP OF THE 3RD |
Chicago Machine batting - Pitching for Madison Bombers : RHP Claudio Segura
|
Batting: RHB Doug Stephens
|
0-0: Fly out, F8 (Flyball, 8LXD)
|
Batting: SHB José Alomar
|
0-0: Ball 1-0: Ball 2-0: Called Strike 2-1: Ground out 6-3 (Groundball, 6MS)
|
Batting: RHB Edward Young
|
0-0: Ball 1-0: Foul Ball, location: 2F 1-1: Foul Ball, location: 2F 1-2: SINGLE (Line Drive, 8LS)
|
Batting: SHB Jesús Ramírez
|
0-0: Ball 1-0: Swinging Strike 1-1: Swinging Strike 1-2: Foul Ball, location: 2F 1-2: Ball 2-2: SINGLE (Groundball, 4M) Edward Young to second Runner from 2nd tries for 3rd, SAFE, no throw or cutoff
|
Batting: LHB Eric Wheeler
|
0-0: Ball 1-0: Called Strike 1-1: Ball 2-1: Foul Ball, location: 2F 2-2: Ground out 4-3 (Groundball, 4)
|
Top of the 3rd over - 0 run(s), 2 hit(s), 0 error(s), 2 left on base; Chicago 5 - Madison 3 |
BOTTOM OF THE 3RD |
Madison Bombers batting - Pitching for Chicago Machine : LHP Dave Huot
|
Batting: RHB Cris Fuentes
|
0-0: Ball 1-0: Ground out 2-3 (Groundball, 2L)
|
Batting: LHB Mike Callahan
|
0-0: Swinging Strike 0-1: Swinging Strike 0-2: Strikes out swinging
|
Batting: LHB Sixto Cantú
|
0-0: Called Strike 0-1: Fly out, F7 (Flyball, 7D)
|
Bottom of the 3rd over - 0 run(s), 0 hit(s), 0 error(s), 0 left on base; Chicago 5 - Madison 3 |
TOP OF THE 4TH |
Chicago Machine batting - Pitching for Madison Bombers : RHP Claudio Segura
|
Batting: SHB Joaquín López
|
0-0: Foul Ball, location: 2F 0-1: Ball 1-1: Swinging Strike 1-2: Ball 2-2: Foul Ball, location: 2F 2-2: SINGLE (Groundball, 4MD)
|
Batting: SHB Edward Bartlett
|
0-0: Ball 1-0: Foul Ball, location: 2F 1-1: Swinging Strike 1-2: Fielders Choice at 2nd, 1-4 (Groundball, 13)
|
Batting: RHB Roberto Cardona
|
0-0: Grounds into double play, 6-4-3 (Groundball, 6)
|
Top of the 4th over - 0 run(s), 1 hit(s), 0 error(s), 0 left on base; Chicago 5 - Madison 3 |
BOTTOM OF THE 4TH |
Madison Bombers batting - Pitching for Chicago Machine : LHP Dave Huot
|
Batting: SHB Jorge Flores
|
0-0: Called Strike 0-1: Swinging Strike 0-2: Ground out 4-3 (Groundball, 34)
|
Batting: SHB Dave MacThomas
|
0-0: Ball 1-0: Fly out, F9 (Flyball, 89M)
|
Batting: SHB Ricardo Arévalo
|
0-0: Ground out U3 (Groundball, 3)
|
Bottom of the 4th over - 0 run(s), 0 hit(s), 0 error(s), 0 left on base; Chicago 5 - Madison 3 |
TOP OF THE 5TH |
Chicago Machine batting - Pitching for Madison Bombers : RHP Claudio Segura
|
Batting: LHB Bob Smith
|
0-0: Called Strike 0-1: Foul Ball, location: 2F 0-2: Ball 1-2: Strikes out swinging
|
Batting: RHB Doug Stephens
|
0-0: Ball 1-0: Foul Ball, location: 2F 1-1: Ball 2-1: Foul Ball, location: 2F 2-2: Foul Ball, location: 2F 2-2: Ball 3-2: Foul Ball, location: 2F 3-2: Foul Ball, location: 2F 3-2: Foul Ball, location: 2F 3-2: Ground out 6-3 (Groundball, 6M)
|
Batting: SHB José Alomar
|
0-0: Ball 1-0: Ground out 5-3 (Groundball, 56)
|
Top of the 5th over - 0 run(s), 0 hit(s), 0 error(s), 0 left on base; Chicago 5 - Madison 3 |
BOTTOM OF THE 5TH |
Madison Bombers batting - Pitching for Chicago Machine : LHP Dave Huot
|
Batting: RHB Guo-xiu Choi
|
0-0: Ball 1-0: Foul Ball, location: 2F 1-1: Ball 2-1: Ball 3-1: SINGLE (Groundball, 15) (infield hit)
|
Batting: RHB Alonso Holguín
|
0-0: SINGLE (Line Drive, 89S) Guo-xiu Choi to second Runner from 2nd tries for 3rd, SAFE, throw made to third
|
Batting: LHB Seung-chun Mun
|
0-0: Called Strike 0-1: Ball 1-1: Ball 2-1: Foul Ball, location: 2F 2-2: Foul Ball, location: 2F 2-2: Ball 3-2: Foul Ball, location: 2F 3-2: Foul Ball, location: 2F 3-2: Fly out, F9 (Flyball, 89M) Runner from 3rd tags up, SCORES, no throw
|
Batting: RHB Cris Fuentes
|
0-0: Called Strike 0-1: Foul Ball, location: 2F 0-2: Strikes out looking
|
Batting: LHB Mike Callahan
|
0-0: Called Strike 0-1: Foul Ball, location: 2F 0-2: SINGLE (Groundball, 34D) Alonso Holguín to second Throwing error, E9 Alonso Holguín scores Mike Callahan to second
|
Batting: LHB Sixto Cantú
|
0-0: Called Strike 0-1: Ball 1-1: Called Strike 1-2: Strikes out looking
|
Bottom of the 5th over - 2 run(s), 3 hit(s), 1 error(s), 1 left on base; Chicago 5 - Madison 5 |
TOP OF THE 6TH |
Chicago Machine batting - Pitching for Madison Bombers : RHP Claudio Segura
|
Pitching: RHP Ramiro Rivera
|
|
Batting: RHB Edward Young
|
0-0: Called Strike 0-1: Ball 1-1: Called Strike 1-2: Foul Ball, location: 2F 1-2: Foul Ball, location: 2F 1-2: Ball 2-2: DOUBLE (Groundball, 5L)
|
Batting: SHB Jesús Ramírez
|
0-0: Foul Ball, location: 2F 0-1: Ball 1-1: Foul Ball, location: 2F 1-2: Strikes out swinging
|
Batting: LHB Eric Wheeler
|
0-0: Swinging Strike 0-1: Ball 1-1: Foul Ball, location: 2F 1-2: Ball 2-2: Ground out 1-3 (Groundball, 13S) Edward Young to third
|
Batting: SHB Joaquín López
|
0-0: Called Strike 0-1: Foul Ball, location: 2F 0-2: Strikes out swinging
|
Top of the 6th over - 0 run(s), 1 hit(s), 0 error(s), 1 left on base; Chicago 5 - Madison 5 |
BOTTOM OF THE 6TH |
Madison Bombers batting - Pitching for Chicago Machine : LHP Dave Huot
|
Batting: SHB Jorge Flores
|
0-0: Ball 1-0: Foul Ball, location: 2F 1-1: SINGLE (Line Drive, 56D)
|
Batting: SHB Dave MacThomas
|
0-0: Ball 1-0: Foul Ball, location: 2F 1-1: Fly out, F8 (Flyball, 8LXD)
|
Batting: SHB Ricardo Arévalo
|
0-0: Foul Ball, location: 2F 0-1: Ball 1-1: Grounds into double play, U4-3 (Groundball, 4M)
|
Bottom of the 6th over - 0 run(s), 1 hit(s), 0 error(s), 0 left on base; Chicago 5 - Madison 5 |
TOP OF THE 7TH |
Chicago Machine batting - Pitching for Madison Bombers : RHP Ramiro Rivera
|
Batting: SHB Edward Bartlett
|
0-0: Ball 1-0: Ball 2-0: Ball 3-0: Base on Balls
|
Batting: RHB Roberto Cardona
|
0-0: Sac Bunt - play at second, runner OUT! 5-6
|
Batting: LHB Bob Smith
|
0-0: Called Strike 0-1: Ball 1-1: Called Strike 1-2: Strikes out swinging
|
Batting: RHB Doug Stephens
|
0-0: Fly out, F8 (Flyball, 8RM)
|
Top of the 7th over - 0 run(s), 0 hit(s), 0 error(s), 1 left on base; Chicago 5 - Madison 5 |
BOTTOM OF THE 7TH |
Madison Bombers batting - Pitching for Chicago Machine : LHP Dave Huot
|
Batting: RHB Guo-xiu Choi
|
0-0: Ball 1-0: Foul Ball, location: 2F 1-1: SINGLE (Groundball, 56)
|
Pitching: RHP António Mata
|
|
Batting: RHB Alonso Holguín
|
0-0: Bunted foul 0-1: Bunted foul 0-2: Ball 1-2: Foul Ball, location: 2F 1-2: Ball 2-2: Ball 3-2: Foul Ball, location: 2F 3-2: Base on Balls Guo-xiu Choi to second
|
Batting: LHB Seung-chun Mun
|
0-0: Ball 1-0: Ball 2-0: Ball 3-0: Base on Balls Guo-xiu Choi to third Alonso Holguín to second
|
Batting: RHB Cris Fuentes
|
0-0: Ball 1-0: Swinging Strike 1-1: Foul Ball, location: 2F 1-2: Grounds into double play, 5-2-3 (Groundball, 5) Alonso Holguín to third Seung-chun Mun to second
|
Batting: LHB Mike Callahan
|
0-0: Ball 1-0: Ball 2-0: Foul Ball, location: 2F 2-1: Foul Ball, location: 2F 2-2: Foul Ball, location: 2F 2-2: Ball 3-2: Strikes out swinging
|
Bottom of the 7th over - 0 run(s), 1 hit(s), 0 error(s), 2 left on base; Chicago 5 - Madison 5 |
TOP OF THE 8TH |
Chicago Machine batting - Pitching for Madison Bombers : RHP Ramiro Rivera
|
Pitching: RHP Alonso Gallardo
|
|
Batting: SHB José Alomar
|
0-0: Called Strike 0-1: Ball 1-1: Foul Ball, location: 2F 1-2: Ball 2-2: Ball 3-2: Foul Ball, location: 2F 3-2: Ground out 4-3 (Groundball, 4)
|
Batting: RHB Edward Young
|
0-0: Called Strike 0-1: Ball 1-1: Swinging Strike 1-2: Ball 2-2: Ball 3-2: Foul Ball, location: 2F 3-2: Strikes out looking
|
Batting: SHB Jesús Ramírez
|
0-0: Called Strike 0-1: Foul Ball, location: 2F 0-2: SOLO HOME RUN (Flyball, 9LD), Distance : 356 ft
|
Batting: LHB Eric Wheeler
|
0-0: Called Strike 0-1: Called Strike 0-2: Ground out 4-3 (Groundball, 4)
|
Top of the 8th over - 1 run(s), 1 hit(s), 0 error(s), 0 left on base; Chicago 6 - Madison 5 |
BOTTOM OF THE 8TH |
Madison Bombers batting - Pitching for Chicago Machine : RHP António Mata
|
Pitching: LHP Austin Wall
|
|
Batting: LHB Sixto Cantú
|
0-0: Foul Ball, location: 2F 0-1: Foul Ball, location: 2F 0-2: Ball 1-2: Ground out 3-1 (Groundball, 34)
|
Pitching: RHP Jorge Hernández
|
|
Batting: SHB Jorge Flores
|
0-0: Ball 1-0: Swinging Strike 1-1: Swinging Strike 1-2: Ball 2-2: Foul Ball, location: 2F 2-2: Strikes out swinging
|
Batting: SHB Dave MacThomas
|
0-0: Ball 1-0: Called Strike 1-1: Called Strike 1-2: Strikes out swinging
|
Bottom of the 8th over - 0 run(s), 0 hit(s), 0 error(s), 0 left on base; Chicago 6 - Madison 5 |
TOP OF THE 9TH |
Chicago Machine batting - Pitching for Madison Bombers : RHP Alonso Gallardo
|
Pitching: RHP José García
|
|
Batting: SHB Joaquín López
|
0-0: Ball 1-0: SINGLE (Groundball, 34D)
|
Batting: SHB Edward Bartlett
|
0-0: Sac Bunt - play at first, batter OUT! 1-4 Joaquín López to second
|
Batting: RHB Roberto Cardona
|
0-0: Ball 1-0: Ground out 4-3 (Groundball, 4) Joaquín López to third
|
Batting: LHB Bob Smith
|
0-0: Fly out, F8 (Line Drive, 8LD)
|
Top of the 9th over - 0 run(s), 1 hit(s), 0 error(s), 1 left on base; Chicago 6 - Madison 5 |
BOTTOM OF THE 9TH |
Madison Bombers batting - Pitching for Chicago Machine : RHP Jorge Hernández
|
Pitching: RHP Víctor Reyes
|
|
Now at C: Rick Ayliffe
|
|
Now at 1B: Alberto Ramos
|
|
Pinch Hitting: RHB Sergio Márquez
|
0-0: Foul Ball, location: 2F 0-1: Fly out, F3 (Popup, 3SF)
|
Batting: RHB Guo-xiu Choi
|
0-0: Fly out, F5 (Line Drive, 56)
|
Batting: RHB Alonso Holguín
|
0-0: Ball 1-0: Called Strike 1-1: Ball 2-1: Ball 3-1: Called Strike 3-2: Fly out, F9 (Flyball, 89M)
|
Bottom of the 9th over - 0 run(s), 0 hit(s), 0 error(s), 0 left on base; Chicago 6 - Madison 5 |
|